MLB
ATLANTA BRAVES @ LOS ANGELES DODGERS
06/03/2020
 
TOP OF THE 1ST
Atlanta Braves batting - Pitching for Los Angeles Dodgers : LHP Clayton Kershaw
Pitching: LHP Clayton Kershaw
Batting: RHB Cristian Pache 0-0: Called Strike
0-1: Foul Ball, location: 2F
0-2: Ground out 4-3 (Groundball, 13, EV 81.3 MPH)
Batting: SHB Johan Camargo 0-0: Called Strike
0-1: Ball
1-1: Foul Ball, location: 2F
1-2: Strikes out swinging
Batting: LHB Freddie Freeman 0-0: Called Strike
0-1: Ball
1-1: Ball
2-1: Ball
3-1: SINGLE (Line Drive, 9S, EV 98.1 MPH)
Batting: RHB Ronald Acuna Jr. 0-0: Ball
1-0: Ball
2-0: 2-RUN HOME RUN (Flyball, 89XD, EV 88.8 MPH), Distance : 430 ft
Batting: RHB Marcell Ozuna 0-0: Ball
1-0: Swinging Strike
1-1: Called Strike
1-2: Ball
2-2: Ball
3-2: Strikes out swinging
Top of the 1st over - 2 runs, 2 hits, 0 errors, 0 left on base; Atlanta 2 - Los Angeles 0
BOTTOM OF THE 1ST
Los Angeles Dodgers batting - Pitching for Atlanta Braves : RHP Mike Soroka
Pitching: RHP Mike Soroka
Batting: RHB Justin Turner 0-0: Swinging Strike
0-1: Foul Ball, location: 2F
0-2: Ball
1-2: DOUBLE (Line Drive, 7LS, EV 103.8 MPH)
Batting: LHB Max Muncy 0-0: Called Strike
0-1: Foul Ball, location: 2F
0-2: Ball
1-2: DOUBLE (Flyball, 8RXD, EV 105.6 MPH)
Justin Turner scores
Batting: RHB Mookie Betts 0-0: Ball
1-0: Called Strike
1-1: Ball
2-1: Ball
3-1: Called Strike
3-2: Ground out 6-3 (Groundball, 6, EV 100.6 MPH)
Batting: LHB Cody Bellinger 0-0: Called Strike
0-1: Foul Ball, location: 2F
0-2: Ball
1-2: Ball
2-2: Ball
3-2: Foul Ball, location: 2F
3-2: DOUBLE (Line Drive, 5D, EV 99.4 MPH)
Max Muncy scores
Pitching: RHP Shane Greene
Batting: LHB Gavin Lux 0-0: Fly out, F3 (Flyball, 3D, EV 92.5 MPH)
Batting: LHB Corey Seager 0-0: Ball
1-0: Foul Ball, location: 2F
1-1: Swinging Strike
1-2: Ball
2-2: Foul Ball, location: 2F
2-2: Ball
3-2: Strikes out looking
Bottom of the 1st over - 2 runs, 3 hits, 0 errors, 1 left on base; Atlanta 2 - Los Angeles 2
TOP OF THE 2ND
Atlanta Braves batting - Pitching for Los Angeles Dodgers : LHP Clayton Kershaw
Batting: RHB Dansby Swanson 0-0: Fly out, F3 (Popup, 3S, EV 72.5 MPH)
Batting: RHB Tyler Flowers 0-0: Ball
1-0: Foul Ball, location: 2F
1-1: Swinging Strike
1-2: Strikes out swinging
Batting: RHB Adeiny Hechavarria 0-0: Ball
1-0: Foul Ball, location: 2F
1-1: Ball
2-1: Ball
3-1: Ground out 5-3 (Groundball, 5L, EV 101.3 MPH)
Top of the 2nd over - 0 runs, 0 hits, 0 errors, 0 left on base; Atlanta 2 - Los Angeles 2
BOTTOM OF THE 2ND
Los Angeles Dodgers batting - Pitching for Atlanta Braves : RHP Shane Greene
Batting: LHB Joc Pederson 0-0: Swinging Strike
0-1: Ball
1-1: Ball
2-1: Swinging Strike
2-2: Strikes out swinging, 2-3 out at first.
Batting: RHB Austin Barnes 0-0: Called Strike
0-1: Ball
1-1: Ground out 6-3 (Groundball, 6M, EV 93.8 MPH)
Batting: LHB Clayton Kershaw 0-0: Called Strike
0-1: Ball
1-1: Ground out 4-3 (Groundball, 4, EV 105.6 MPH)
Bottom of the 2nd over - 0 runs, 0 hits, 0 errors, 0 left on base; Atlanta 2 - Los Angeles 2
TOP OF THE 3RD
Atlanta Braves batting - Pitching for Los Angeles Dodgers : LHP Clayton Kershaw
Batting: RHB Shane Greene 0-0: Foul Ball, location: 2F
0-1: Ball
1-1: Foul Ball, location: 2F
1-2: Strikes out looking
Batting: RHB Cristian Pache 0-0: Called Strike
0-1: Ball
1-1: Ground out 5-3 (Groundball, 56, EV 80.0 MPH)
Batting: SHB Johan Camargo 0-0: Ball
1-0: Fly out, F4 (Popup, 4, EV 70.6 MPH)
Top of the 3rd over - 0 runs, 0 hits, 0 errors, 0 left on base; Atlanta 2 - Los Angeles 2
BOTTOM OF THE 3RD
Los Angeles Dodgers batting - Pitching for Atlanta Braves : RHP Shane Greene
Batting: RHB Justin Turner 0-0: Ball
1-0: Ball
2-0: Foul Ball, location: 2F
2-1: Swinging Strike
2-2: Strikes out swinging
Batting: LHB Max Muncy 0-0: Called Strike
0-1: Ball
1-1: Foul Ball, location: 2F
1-2: Ball
2-2: Ball
3-2: Fly out, F7 (Flyball, 78M, EV 83.1 MPH)
Batting: RHB Mookie Betts 0-0: Ball
1-0: SINGLE (Line Drive, 56D, EV 109.4 MPH)
Batting: LHB Cody Bellinger 0-0: Called Strike
0-1: Ball
1-1: Ball
2-1: Called Strike
2-2: Fly out, F5 (Popup, 6S, EV 70.0 MPH)
Bottom of the 3rd over - 0 runs, 1 hit, 0 errors, 1 left on base; Atlanta 2 - Los Angeles 2
TOP OF THE 4TH
Atlanta Braves batting - Pitching for Los Angeles Dodgers : LHP Clayton Kershaw
Batting: LHB Freddie Freeman 0-0: Ball
1-0: Ball
2-0: Called Strike
2-1: SINGLE (Groundball, 3S, EV 66.3 MPH) (infield hit)
Batting: RHB Ronald Acuna Jr. 0-0: Called Strike
0-1: Foul Ball, location: 2F
0-2: Ball
1-2: Fly out, F9 (Flyball, 9D, EV 82.5 MPH)
Batting: RHB Marcell Ozuna 0-0: Ball
1-0: Called Strike
1-1: Grounds into double play, 5-4-3 (Groundball, 56, EV 84.4 MPH)
Top of the 4th over - 0 runs, 1 hit, 0 errors, 0 left on base; Atlanta 2 - Los Angeles 2
BOTTOM OF THE 4TH
Los Angeles Dodgers batting - Pitching for Atlanta Braves : RHP Shane Greene
Batting: LHB Gavin Lux 0-0: SINGLE (Groundball, 4D, EV 95.6 MPH)
Pitching: RHP Chris Martin
Batting: LHB Corey Seager 0-0: Ball
1-0: Foul Ball, location: 2F
1-1: Foul Ball, location: 2F
1-2: Ball
2-2: SINGLE (Line Drive, 7S, EV 95.6 MPH)
Gavin Lux to second
Batting: LHB Joc Pederson 0-0: Foul Ball, location: 2F
0-1: Ball
1-1: Foul Ball, location: 2F
1-2: Ball
2-2: Foul Ball, location: 2F
2-2: Strikes out swinging
Batting: RHB Austin Barnes 0-0: Ball
1-0: Ball
2-0: Foul Ball, location: 2F
2-1: Reached on error, E6 (Groundball, 6, EV 85.0 MPH)
Gavin Lux to third
Corey Seager to second
Batting: LHB Clayton Kershaw 0-0: SINGLE (Groundball, 4, EV 101.3 MPH)
Gavin Lux scores
Corey Seager to third
Austin Barnes to second
Runner from 3rd tries for Home, SAFE, throw by RF to home
Batting: RHB Justin Turner 0-0: Called Strike
0-1: Swinging Strike
0-2: Ball
1-2: Ball
2-2: Ball
3-2: Grounds into double play, 4-6-3 (Groundball, 4, EV 82.5 MPH)
Bottom of the 4th over - 2 runs, 3 hits, 1 error, 1 left on base; Atlanta 2 - Los Angeles 4
TOP OF THE 5TH
Atlanta Braves batting - Pitching for Los Angeles Dodgers : LHP Clayton Kershaw
Batting: RHB Dansby Swanson 0-0: Foul Ball, location: 2F
0-1: Foul Ball, location: 2F
0-2: Ball
1-2: SOLO HOME RUN (Flyball, 8LXD, EV 95.6 MPH), Distance : 444 ft
Batting: RHB Tyler Flowers 0-0: Ball
1-0: Ball
2-0: Foul Ball, location: 2F
2-1: Foul Ball, location: 2F
2-2: Reached on error, E6 (Groundball, 15, EV 93.1 MPH)
Batting: RHB Adeiny Hechavarria 0-0: Grounds into double play, 6-4-3 (Groundball, 56, EV 82.5 MPH)
Batting: RHB Chris Martin 0-0: Ball
1-0: Called Strike
1-1: Foul Ball, location: 2F
1-2: Foul Ball, location: 2F
1-2: Foul Ball, location: 2F
1-2: Ground out 6-3 (Groundball, 6, EV 81.9 MPH)
Top of the 5th over - 1 run, 1 hit, 1 error, 0 left on base; Atlanta 3 - Los Angeles 4
BOTTOM OF THE 5TH
Los Angeles Dodgers batting - Pitching for Atlanta Braves : RHP Chris Martin
Batting: LHB Max Muncy 0-0: Ball
1-0: Called Strike
1-1: Ball
2-1: Foul Ball, location: 2F
2-2: Ball
3-2: Ground out 4-3 (Groundball, 4, EV 103.1 MPH)
Batting: RHB Mookie Betts 0-0: Ball
1-0: Foul Ball, location: 2F
1-1: Ball
2-1: Swinging Strike
2-2: Ball
3-2: Ground out 4-3 (Groundball, 4MD, EV 110.0 MPH)
Pitching: LHP A.J. Minter
Batting: LHB Cody Bellinger 0-0: Foul Ball, location: 2F
0-1: Ball
1-1: Foul Ball, location: 2F
1-2: Foul Ball, location: 2F
1-2: Foul Ball, location: 2F
1-2: Ball
2-2: Ball
3-2: Foul Ball, location: 2F
3-2: Foul Ball, location: 2F
3-2: SINGLE (Groundball, 25, EV 67.5 MPH) (infield hit)
Batting: LHB Gavin Lux 0-0: Ball
1-0: Swinging Strike
1-1: Called Strike
1-2: Strikes out looking
Bottom of the 5th over - 0 runs, 1 hit, 0 errors, 1 left on base; Atlanta 3 - Los Angeles 4
TOP OF THE 6TH
Atlanta Braves batting - Pitching for Los Angeles Dodgers : LHP Clayton Kershaw
Batting: RHB Cristian Pache 0-0: Ball
1-0: Foul Ball, location: 2F
1-1: Ball
2-1: Ball
3-1: Swinging Strike
3-2: Strikes out swinging
Batting: SHB Johan Camargo 0-0: Ball
1-0: Swinging Strike
1-1: Ball
2-1: Foul Ball, location: 2F
2-2: Ball
3-2: Foul Ball, location: 2F
3-2: Strikes out swinging
Batting: LHB Freddie Freeman 0-0: Ball
1-0: Foul Ball, location: 5F, Error on foul ball, E5
1-1: SINGLE (Line Drive, 34, EV 107.5 MPH)
Batting: RHB Ronald Acuna Jr. 0-0: Called Strike
0-1: Ball
1-1: Ball
2-1: Foul Ball, location: 2F
2-2: Foul Ball, location: 2F
2-2: Ground out 4-3 (Groundball, 4, EV 85.6 MPH)
Top of the 6th over - 0 runs, 1 hit, 1 error, 1 left on base; Atlanta 3 - Los Angeles 4
BOTTOM OF THE 6TH
Los Angeles Dodgers batting - Pitching for Atlanta Braves : LHP A.J. Minter
Batting: LHB Corey Seager 0-0: Ball
1-0: Foul Ball, location: 2F
1-1: Ball
2-1: Swinging Strike
2-2: Fly out, F7 (Flyball, 7, EV 80.0 MPH)
Batting: LHB Joc Pederson 0-0: Called Strike
0-1: Ball
1-1: Ball
2-1: Ball
3-1: Base on Balls
Batting: RHB Austin Barnes 0-0: Swinging Strike
0-1: Called Strike
0-2: Strikes out swinging
Batting: LHB Clayton Kershaw 0-0: Ball
1-0: Ground out U3 (Groundball, 34S, EV 83.1 MPH)
Bottom of the 6th over - 0 runs, 0 hits, 0 errors, 1 left on base; Atlanta 3 - Los Angeles 4
TOP OF THE 7TH
Atlanta Braves batting - Pitching for Los Angeles Dodgers : LHP Clayton Kershaw
Batting: RHB Marcell Ozuna 0-0: Ball
1-0: Ball
2-0: Called Strike
2-1: SINGLE (Groundball, 3D, EV 108.1 MPH)
Batting: RHB Dansby Swanson 0-0: Fly out, F2 (Popup, 23F, EV 90.6 MPH)
Pitching: RHP Blake Treinen
Batting: RHB Tyler Flowers 0-0: Called Strike
0-1: Called Strike
0-2: Ball
1-2: Ball
2-2: Strikes out swinging
Batting: RHB Adeiny Hechavarria 0-0: Called Strike
0-1: Ball
1-1: Foul Ball, location: 2F
1-2: Foul Ball, location: 2F
1-2: Ground out 4-3 (Groundball, 4, EV 112.5 MPH)
Top of the 7th over - 0 runs, 1 hit, 0 errors, 1 left on base; Atlanta 3 - Los Angeles 4
BOTTOM OF THE 7TH
Los Angeles Dodgers batting - Pitching for Atlanta Braves : LHP A.J. Minter
Pitching: RHP Darren O'Day
Batting: RHB Justin Turner 0-0: Ball
1-0: Called Strike
1-1: Swinging Strike
1-2: Ball
2-2: Strikes out looking
Batting: LHB Max Muncy 0-0: Called Strike
0-1: Foul Ball, location: 2F
0-2: Ball
1-2: Foul Ball, location: 2F
1-2: SINGLE (Groundball, 4MD, EV 96.9 MPH)
Batting: RHB Mookie Betts 0-0: Called Strike
Max Muncy steals 2nd base
0-1: Ball
1-1: Ball
2-1: Swinging Strike
2-2: Fly out, F7 (Flyball, 7LS, EV 88.8 MPH)
Batting: LHB Cody Bellinger 0-0: Called Strike
0-1: Foul Ball, location: 2F
0-2: Ball
1-2: Strikes out swinging
Bottom of the 7th over - 0 runs, 1 hit, 0 errors, 1 left on base; Atlanta 3 - Los Angeles 4
TOP OF THE 8TH
Atlanta Braves batting - Pitching for Los Angeles Dodgers : RHP Blake Treinen
Pinch Hitting: RHB Austin Riley 0-0: Called Strike
0-1: Ball
1-1: Ball
2-1: Called Strike
2-2: Foul Ball, location: 2F
2-2: Foul Ball, location: 2F
2-2: Foul Ball, location: 2F
2-2: Ball
3-2: Foul Ball, location: 2F
3-2: Ground out 6-3 (Groundball, 56, EV 101.3 MPH)
Batting: RHB Cristian Pache 0-0: Ball
1-0: Swinging Strike
1-1: Swinging Strike
1-2: Foul Ball, location: 2F
1-2: Foul Ball, location: 2F
1-2: Strikes out looking
Batting: SHB Johan Camargo 0-0: Ball
1-0: Foul Ball, location: 2F
1-1: Swinging Strike
1-2: Ball
2-2: Ball
3-2: Strikes out looking
Top of the 8th over - 0 runs, 0 hits, 0 errors, 0 left on base; Atlanta 3 - Los Angeles 4
BOTTOM OF THE 8TH
Los Angeles Dodgers batting - Pitching for Atlanta Braves : RHP Darren O'Day
Pitching: RHP Luke Jackson
Batting: LHB Gavin Lux 0-0: Ground out 6-3 (Groundball, 6M, EV 86.9 MPH)
Batting: LHB Corey Seager 0-0: Ball
1-0: Foul Ball, location: 2F
1-1: Called Strike
1-2: Strikes out swinging
Batting: LHB Joc Pederson 0-0: Called Strike
0-1: Ball
1-1: Ball
2-1: Foul Ball, location: 2F
2-2: Strikes out swinging
Bottom of the 8th over - 0 runs, 0 hits, 0 errors, 0 left on base; Atlanta 3 - Los Angeles 4
TOP OF THE 9TH
Atlanta Braves batting - Pitching for Los Angeles Dodgers : RHP Blake Treinen
Pitching: RHP Kenley Jansen
Batting: LHB Freddie Freeman 0-0: Foul Ball, location: 2F
0-1: Ball
1-1: Ball
2-1: Ball
3-1: Base on Balls
Batting: RHB Ronald Acuna Jr. 0-0: SINGLE (Groundball, 5S, EV 98.8 MPH)
Freddie Freeman to second
Batting: RHB Marcell Ozuna 0-0: Ball
1-0: Foul Ball, location: 2F
1-1: Swinging Strike
1-2: Foul Ball, location: 2F
1-2: Ball
2-2: Foul Ball, location: 2F
2-2: Strikes out looking
Batting: RHB Dansby Swanson 0-0: Fly out, F7 (Line Drive, 7D, EV 86.3 MPH)
Batting: RHB Tyler Flowers 0-0: Foul Ball, location: 2F
0-1: Swinging Strike
0-2: Ball
1-2: Ball
2-2: Ball
3-2: Strikes out swinging
Top of the 9th over - 0 runs, 1 hit, 0 errors, 2 left on base; Atlanta 3 - Los Angeles 4
Tuesday, June 9th, 2020 - OOTP Baseball 21.3 Build 54